 Dungeon Crawl Stone Soup version 0.25.1-2-g60ff931df9 (webtiles) character file.

Game seed: 10434686055056751040

359 Araneus the Poker (level 6, -6/51 HPs)
             Began as a Demonspawn Fighter on Oct 22, 2020.
             Mangled by an orc warrior
             ... wielding a +0 trident
              (8 damage)
             ... on level 3 of the Dungeon.
             The game lasted 00:06:03 (3207 turns).

Araneus the Poker (Demonspawn Fighter)              Turns: 3207, Time: 00:06:07

Health: -6/51      AC: 14    Str: 16 (18) XL:     6   Next: 37%
Magic:  6/6        EV:  7    Int: 12 (13) God:
Gold:   88         SH:  9    Dex: 11 (13) Spells: 5/5 levels left

rFire    . . .     SeeInvis .   a - +0 trident
rCold    . . .     Gourm    .   c - +0 kite shield
rNeg     . . .     Faith    .   b - +0 scale mail
rPois    .         Spirit   .   (helmet restricted)
rElec    .         Reflect  .   m - +0 cloak
rCorr    .         Harm     .   (no gloves)
MR       .....                  p - +0 pair of boots
Stlth    ..........             (no amulet)
HPRegen  0.17/turn              (no ring)
MPRegen  0.10/turn              (no ring)

@: sanguine armour
A: antennae 1, talons 1, clever 2, robust 1, sanguine armour 1
a: no special abilities


You were on level 3 of the Dungeon.
You were hungry.

You visited 1 branch of the dungeon, and saw 3 of its levels.

You collected 88 gold pieces.

Inventory:

Hand Weapons
 a - a +0 trident (weapon)
Armour
 b - a +0 scale mail (worn)
 c - a +0 kite shield (worn)
 i - a +0 helmet
 m - a +0 cloak (worn)
 p - a +0 pair of boots (worn)
Scrolls
 d - a scroll of fog {unknown}
 g - 2 scrolls of magic mapping {unknown}
 h - 3 scrolls of identify {unknown}
 j - 2 scrolls of fear {unknown}
 o - a scroll of immolation {unknown}
 r - 3 scrolls of remove curse {unknown}
 u - 3 scrolls of teleportation {unknown}
 w - a scroll of enchant weapon {unknown}
Potions
 e - a potion of degeneration
 k - 2 potions of mutation
 l - a potion of curing {unknown}
 n - a potion of heal wounds {unknown}
 q - 2 potions of flight {unknown}
 s - a potion of brilliance {unknown}
 t - a potion of lignification {unknown}
 v - a potion of invisibility {unknown}
Comestibles
 f - 4 rations


   Skills:
 - Level 3.0 Fighting
 + Level 5.0 Polearms
 - Level 2.6 Armour
 + Level 4.5 Shields


You had 5 spell levels left.
You didn't know any spells.
Your spell library was empty.

Dungeon Overview and Level Annotations

Branches:
Dungeon (3/15)

Altars:
Kikubaaqudgha


Innate Abilities, Weirdness & Mutations

You have a pair of small antennae on your head.
When seriously injured, your bleeding wounds create armour. (AC +6)
You have sharp toenails.
Your mind is very acute. (Int +4)
You are robust. (+10% HP)


Message History

Attack whom?
Press: ? - help, Dir - move target cursor, f/p - orc warrior
Aim: an orc warrior, wielding a +0 trident and wearing a +0 chain mail (severely wounded)
You reach to attack!
You closely miss the orc warrior.
The orc warrior is severely wounded.
The orc wizard casts a spell.
The orc wizard blinks!
The orc warrior hits you from afar with a +0 trident.
* * * LOW HITPOINT WARNING * * *
You block the orc wizard's attack.
It was a potion of mutation.
You feel extremely strange.
You feel robust.
Your toenails lengthen and sharpen.
You feel clever. x2
You block the orc wizard's attack. The orc warrior closely misses you.
It was a potion of degeneration.
There was something very wrong with that liquid.
You feel weakened.
You feel dopey.
You feel clumsy.
The orc wizard gestures at you while chanting.
You resist with some effort.
The orc warrior hits you from afar with a +0 trident!
You die...

....#..#################.........
.............<...................
......#####################......
.....## #..#... ##...# ......##
###.## ###..## ....# ######.#
...## ....# #.oooo.# .#.# ....#
#####@# #..## ....# #####.....#
#...# ....## #.....##### #...#
.....###.##### ##...## .........#
#...... ≈....##### #....## .≈...#
###....## .≈...# #......## ≈...##
#.# ##........


You could see an orc warrior, 2 orc wizards and an orc.

Vanquished Creatures
  A necrophage (D:3)
  Natasha (thrice) (D:2)
  Terence (D:2)
  A worker ant (D:3)
  4 gnolls (D:2)
  3 adders (D:2)
  An ooze (D:3)
  2 worms (D:3)
  5 dart slugs
  4 leopard geckos
  2 orcs (D:3)
  5 bats
  2 giant cockroaches
  9 goblins
  5 hobgoblins
  2 jackals (D:1)
  2 quokkas
  4 frilled lizards
  9 kobolds
  8 rats
73 creatures vanquished.

Notes
Turn   | Place    | Note
-------+----------+-------------------------------------------
     0 | D:1      | Araneus the Demonspawn Fighter began the quest for the Orb.
     0 | D:1      | Reached XP level 1. HP: 18/18 MP: 1/1
   248 | D:1      | Reached skill level 2 in Polearms
   400 | D:1      | Gained mutation: When seriously injured, your bleeding
                  | wounds create armour. (AC +6) [demonic ancestry]
   400 | D:1      | Reached XP level 2. HP: 24/24 MP: 2/2
  1205 | D:2      | Gained mutation: You have a pair of small antennae on your
                  | head. [demonic ancestry]
  1205 | D:2      | Reached XP level 3. HP: 25/29 MP: 3/3
  1266 | D:2      | Noticed Natasha
  1283 | D:2      | Killed Natasha
  1290 | D:2      | Noticed Natasha
  1298 | D:2      | Reached XP level 4. HP: 7/35 MP: 4/4
  1303 | D:2      | Killed Natasha
  1303 | D:2      | Reached skill level 3 in Polearms
  1719 | D:2      | Noticed Terence
  1737 | D:2      | Killed Terence
  1737 | D:2      | Reached XP level 5. HP: 20/41 MP: 5/5
  1756 | D:2      | Reached skill level 4 in Polearms
  2247 | D:2      | Noticed Natasha
  2273 | D:2      | Killed Natasha
  2640 | D:3      | Found an ancient bone altar of Kikubaaqudgha.
  2908 | D:3      | Noticed a necrophage
  2913 | D:3      | Reached XP level 6. HP: 30/47 MP: 6/6
  2946 | D:3      | Reached skill level 5 in Polearms
  3186 | D:3      | Noticed an orc warrior
  3205 | D:3      | HP: 1/47 [orc warrior/+0 trident (6)]
  3206 | D:3      | Gained mutation: You are robust. (+10% HP) [potion of
                  | mutation]
  3206 | D:3      | Gained mutation: You have sharp toenails. [potion of
                  | mutation]
  3206 | D:3      | Gained mutation: Your mind is acute. (Int +2) [potion of
                  | mutation]
  3206 | D:3      | Gained mutation: Your mind is very acute. (Int +4) [potion
                  | of mutation]
  3207 | D:3      | Mangled by an orc warrior

Illustrated notes

Levels and vault maps discovered:
D:1:      onia_arrival_pentagram, layout_basic, chequers_serial_rivers_room_b
D:2:      kennysheep_the_goblin_king, layout_loops_ring, uniq_terence,
          uniq_natasha
D:3:      cheibrodos_helix_gallery, layout_rooms, old_standard_altar,
          first_ration, serial_bayou_pond_e

Skill      XL: |  1  2  3  4  5  6 |
---------------+-------------------+-----
Shields        | 3 4 |  4.5
Polearms       | 2 3 4 5 |  5.0
Fighting       | |  3.0
Armour         | |  2.6

Action                   |  1- 3 |  4- 6 || total
-------------------------+-------+-------++-------
Melee: Trident           |   118 |   191 ||   309
  Use: Potion            |     1 |     2 ||     3
  Eat: Chunk             |     1 |     6 ||     7
Armor: Scale mail        |    44 |    72 ||   116
Dodge: Dodged            |    33 |    50 ||    83
Block: Kite shield       |    54 |    84 ||   138
